 Dungeon Crawl Stone Soup version 0.26.1-2-gb8aa6d0cf2 (webtiles) character file.

Game seed: 14898982053230565038

126 Amaterasu the Skirmisher (level 4, -5/37 HPs)
             Began as a Demonspawn Fighter on Feb 16, 2021.
             Slain by an ogre
             ... wielding a +0 giant spiked club
              (20 damage)
             ... on level 4 of the Dungeon.
             The game lasted 00:02:16 (2001 turns).

Amaterasu the Skirmisher (Demonspawn Fighter)       Turns: 2001, Time: 00:02:17

Health: -5/37      AC:  9    Str: 17    XL:     4   Next: 84%
Magic:  4/4        EV:  6    Int: 10    God:
Gold:   100        SH:  8    Dex: 12    Spells: 3/3 levels left

rFire    . . .     SeeInvis +   a - +1 long sword
rCold    . . .     Faith    .   c - +0 kite shield
rNeg     . . .     Spirit   .   b - +0 scale mail
rPois    .         Reflect  .   (no helmet)
rElec    .         Harm     .   (no cloak)
rCorr    .         Rampage  .   m - +0 pair of gloves
Will     .....                  (no boots)
Stlth    ..........             (no amulet)
HPRegen  0.12/turn              o - ring of see invisible
MPRegen  0.09/turn              (no ring)

@: no status effects
A: claws 1, thin metallic scales 1
a: no special abilities


You were on level 4 of the Dungeon.
You visited 1 branch of the dungeon, and saw 4 of its levels.

You collected 100 gold pieces.

Inventory:

Hand Weapons
 a - a +1 long sword (weapon)
Armour
 b - a +0 scale mail (worn)
 c - a +0 kite shield (worn)
 m - a +0 pair of gloves (worn)
Jewellery
 f - an uncursed ring of fire
 o - a ring of see invisible (left hand)
Scrolls
 g - a scroll of remove curse
 i - a scroll of fog
 j - 2 scrolls of teleportation
 p - 2 scrolls of identify
Potions
 d - a potion of might
 h - a potion of berserk rage {unknown}
 k - 2 potions of heal wounds {unknown}
 l - 2 potions of flight {unknown}


   Skills:
 * Level 4.1 Fighting
 * Level 3.8 Long Blades
 - Level 2.6 Armour
 - Level 2.6 Shields


You had 3 spell levels left.
You didn't know any spells.
Your spell library was empty.

Dungeon Overview and Level Annotations

Branches:
Dungeon (3/15)

Altars:


Innate Abilities, Weirdness & Mutations

You have sharp fingernails.
You are partially covered in thin metallic scales. (AC +2)


Message History

You kill the orc!
Items here: )) [ ††.
Okay, then.
Things that are here:
a +0 trident; a +0 ring mail
Press: ? - help, v - describe, . - travel, g - get item
Items here: )) [ ††.
The floor, spattered with blood.
Things that are here:
a +0 trident; a +0 ring mail You start resting.
An ogre is nearby!
The ogre shouts!
You hear a shout!
An orc comes into view.
Items here: )) [ ††.
You slash the ogre!
The ogre is moderately wounded.
The ogre hits you with a +0 giant spiked club!!
Ouch! That really hurt!
You die...

. ##. ..# #.#
... #.#
#$####.######
#...........#
####.#@#.##.#
####.#O# #
#....).#
#.##.###
###.##†###.##.
#.............
#.....###.####
#...... #
#..o...


You could see an ogre.

Vanquished Creatures
  3 worker ants
  A shadow imp (D:2)
  A worm (D:2)
  2 dart slugs
  3 leopard geckos
  3 orcs (D:4)
  5 bats
  2 giant cockroaches (D:2)
  3 goblins
  4 hobgoblins
  3 quokkas (D:2)
  2 frilled lizards
  4 kobolds
  3 rats
39 creatures vanquished.

Notes
Turn   | Place    | Note
-------+----------+-------------------------------------------
     0 | D:1      | Amaterasu the Demonspawn Fighter began the quest for the
                  | Orb.
     0 | D:1      | Reached XP level 1. HP: 18/18 MP: 1/1
   320 | D:1      | Gained mutation: You have sharp fingernails. [demonic
                  | ancestry]
   320 | D:1      | Reached XP level 2. HP: 19/24 MP: 2/2
   930 | D:2      | Reached XP level 3. HP: 7/30 MP: 3/3
  1375 | D:2      | Gained mutation: You are partially covered in thin metallic
                  | scales. (AC +2) [demonic ancestry]
  1375 | D:2      | Reached XP level 4. HP: 17/37 MP: 4/4
  1642 | D:2      | Reached skill level 4 in Fighting
  1913 | D:3      | You fall into a shaft and drop 1 floor!
  1935 | D:4      | Noticed an ogre
  1957 | D:4      | HP: 1/37 [orc/+0 trident (8)]
  2001 | D:4      | Slain by an ogre

Illustrated notes

Levels and vault maps discovered:
D:1:      roderic_octagonal_star, layout_rooms, roderic_roman_lattice
D:2:      layout_loops_ring, nrook_campfire
D:3:      layout_basic
D:4:      layout_loops_cross, serial_shops, kennysheep_mini_moat,
          uniq_blork_the_orc

Skill      XL: |  1  2  3  4 |
---------------+-------------+-----
Long Blades    | 2 3 |  3.8
Fighting       | 4 |  4.1
Armour         | |  2.6
Shields        | |  2.6

Action                   |  1- 3 |  4- 6 || total
-------------------------+-------+-------++-------
Melee: Long sword        |    87 |    51 ||   138
  Use: Scroll            |     5 |     2 ||     7
       Potion            |     1 |     1 ||     2
Armor: Scale mail        |    40 |    30 ||    70
Dodge: Dodged            |    24 |    10 ||    34
Block: Kite shield       |    38 |    23 ||    61
       Rpst.: Long sword |     8 |     2 ||    10
